 Dungeon Crawl Stone Soup version 0.23-a0-242-g2b5ca64 (webtiles) character file.

56 Dissent the Shooter (level 3, 0/43 HPs)
             Began as a Centaur Hunter on Sept 28, 2018.
             Succumbed to an adder's poison
             ... on level 2 of the Dungeon.
             The game lasted 00:01:40 (1191 turns).

Dissent the Shooter (Centaur Hunter)                Turns: 1191, Time: 00:01:41

Health: 0/43       AC: 21    Str: 14    XL:     3   Next: 71%
Magic:  3/3        EV:  1    Int: 10    God:
Gold:   38         SH:  0    Dex: 10    Spells: 2/2 levels left

rFire    . . .     SeeInvis .   a - +1 shortbow
rCold    . . .     Gourm    .   (shield currently unavailable)
rNeg     + + +     Faith    .   (armour currently unavailable)
rPois    +         Spirit   .   (helmet currently unavailable)
rElec    .         Reflect  .   (cloak currently unavailable)
rCorr    .         Harm     .   (gloves currently unavailable)
MR       .....     NoTele   +   (no barding)
Stlth    +.........             (no amulet)
HPRegen  0.14/turn              (no ring)
MPRegen  0.08/turn              (no ring)

@: lethally poisoned (0 -> -11), tree-form
A: large
a: no special abilities


You were on level 2 of the Dungeon.
You were not hungry.
You were a tree.
You visited 1 branch of the dungeon, and saw 2 of its levels.

You collected 38 gold pieces.

Inventory:

Hand Weapons
 a - a +1 shortbow (weapon)
 b - a +0 short sword
 g - a +0 club
   (You took it off a hobgoblin on level 1 of the Dungeon)
Missiles
 d - 29 arrows (quivered)
 h - a throwing net {!f}
Armour
 c - a +0 leather armour (melded)
 f - a +0 cloak (melded)
   (You found it on level 2 of the Dungeon)
Scrolls
 j - a scroll of fear {unknown}
Potions
 i - a potion of lignification {!q}
Comestibles
 e - 5 rations {!d}


   Skills:
 - Level 2.0 Fighting
 + Level 1.4 Maces & Flails
 * Level 6.7 Bows
 - Level 1.3 Dodging
 - Level 0.4 Stealth


You had 2 spell levels left.
You didn't know any spells.
Your spell library was empty.

Dungeon Overview and Level Annotations

Branches:
Dungeon (2/15)

Altars:


Innate Abilities, Weirdness & Mutations

((You have hooves in place of feet.))
((Armour fits poorly on your strangely shaped body.))
((You cover ground very quickly.))
((You have extremely tough skin. (AC +3)))


Message History

You are poisoned.
The adder poisons you!
You barely miss the adder. Your kick misses the adder.
You feel sick. The adder bites you. x2
You are more poisoned.
The adder poisons you!
You barely miss the adder.
You feel sick. The adder bites you but does no damage.
You hit the adder but do no damage. Your kick misses the adder.
The adder bites you. x2
You are too injured to fight recklessly!
You are too injured to fight recklessly!
You are too injured to fight recklessly!
You are too injured to fight recklessly!
Unknown command.
You hit the adder.
You feel sick. The adder bites you.
* * * LOW HITPOINT WARNING * * *
The adder bites you but does no damage.
a - a +1 shortbow (weapon)
Firing (i - inventory. (/) - cycle)
d - 33 arrows (quivered)
Aim: an adder (moderately wounded)
You shoot an arrow. The arrow closely misses the adder.
You feel sick. The adder bites you.
* * * LOW HITPOINT WARNING * * *
You are lethally poisoned!
The adder poisons you! The adder bites you.
* * * LOW HITPOINT WARNING * * *
You are more poisoned.
The adder poisons you!
Firing (i - inventory. (/) - cycle)
d - 32 arrows (quivered)
Aim: an adder (moderately wounded)
You shoot an arrow. The arrow hits the adder.
* * * LOW HITPOINT WARNING * * *
You feel sick. The adder barely misses you.
It was a potion of lignification.
You turn into a tree.
Your +0 cloak melds into your body.
Your +0 leather armour melds into your body.
Your roots penetrate the ground.
* * * LOW HITPOINT WARNING * * *
You feel sick. The adder bites you but does no damage.
Firing (i - inventory. (/) - cycle)
d - 31 arrows (quivered)
Aim: an adder (almost dead)
You shoot an arrow. The arrow misses the adder.
* * * LOW HITPOINT WARNING * * *
You feel sick. The adder bites you but does no damage.
Firing (i - inventory. (/) - cycle)
d - 30 arrows (quivered)
Aim: an adder (almost dead)
You shoot an arrow. The arrow hits the adder.
You kill the adder!
You die...

###################
................♣(#
.################.......
.####### #.. .......
..)....###.### #..%...
..####.#.....# ......
#....#.#.#.#.# # ......
#....#.#.#.#.#.# # .....
#.#....#.#...#.#.###+###
..##.#..........<..


There were no monsters in sight!

Vanquished Creatures
  Jessica (D:2)
  2 adders (D:2)
  A dart slug (D:1)
  4 bats
  A goblin (D:1)
  2 hobgoblins
  2 kobolds (D:1)
  A rat (D:1)
14 creatures vanquished.

Notes
Turn   | Place    | Note
-------+----------+-------------------------------------------
     0 | D:1      | Dissent the Centaur Hunter began the quest for the Orb.
     0 | D:1      | Reached XP level 1. HP: 17/17 MP: 1/1
   391 | D:1      | Reached XP level 2. HP: 24/24 MP: 2/2
   820 | D:2      | Noticed Jessica
   825 | D:2      | Killed Jessica
   825 | D:2      | Reached skill level 1 in Maces & Flails
   825 | D:2      | Reached skill level 6 in Bows
   825 | D:2      | Reached XP level 3. HP: 29/29 MP: 3/3
  1189 | D:2      | HP: 2/43 [poisoned by an adder]
  1191 | D:2      | Succumbed to an adder's poison

Vault maps used:
D:1:      eino_arrival_cavern_b
D:2:      uniq_jessica

Skill      XL: |  1  2 |
---------------+-------+-----
Maces & Flails | 1 |  1.4
Bows           | 6 |  6.7
Fighting       | |  2.0
Dodging        | |  1.3
Stealth        | |  0.4

Action                   || total
-------------------------++-------
Melee: Club              ||    56
       Short sword       ||    10
       Kick              ||     8
 Fire: Shortbow          ||     4
  Use: Potion            ||     1
Armor: Leather armour    ||    36
       Skin              ||     2
Dodge: Dodged            ||    40

Table legend:
 A = Non-vault XP
 B = Vault XP
 C = Vault XP percentage of total XP
 D = Non-vault monster count
 E = Vault monster count
 F = Vault count percentage of total count
                 A         B        C        D         E       F
            +---------+---------+-------+---------+---------+-------
      Total |      44 |      37 |  45.7 |      13 |       1 |   7.1
            +---------+---------+-------+---------+---------+-------
        D:1 |      13 |       0 |   0.0 |       7 |       0 |   0.0
        D:2 |      31 |      37 |  54.4 |       6 |       1 |  14.3
            +---------+---------+-------+---------+---------+-------
